 Dungeon Crawl Stone Soup version 0.31-a0-149-g3fdcc5976a (webtiles) character file.

Game seed: 17442390303800023615

199 qw the Shooter (level 5, -2/46 HPs)
             Began as a Minotaur Hunter on June 7, 2023.
             Slain by a gnoll
             ... wielding a +0 spear
              (6 damage)
             ... on level 4 of the Dungeon.
             The game lasted 00:00:59 (2446 turns).

qw the Shooter (Minotaur Hunter)                    Turns: 2446, Time: 00:01:00

Health: -2/46      AC:  7    Str: 11    XL:     5   Next: 48%
Magic:  13/13      EV:  5    Int:  6    God:
Gold:   214        SH:  0    Dex: 15    Spells: 4/4 levels left

rFire   + . .        Y - +0 shortbow
rCold   . . .        (shield currently unavailable)
rNeg    . . .        d - +0 ring mail
rPois   .            (helmet restricted)
rElec   .            (no cloak)
rCorr   .            (no gloves)
SInv    +            c - +1 pair of boots
Will    +++..        (no amulet)
Stlth   +            b - ring of see invisible
HPRegen 0.27/turn    a - ring of Gegemi {rF+ Will+++ MP+9 Str-5}
MPRegen 0.13/turn

%: no passive effects
@: held
A: horns 2, retaliatory headbutt
a: no special abilities


You were on level 4 of the Dungeon.
You visited 1 branch of the dungeon, and saw 4 of its levels.

You collected 214 gold pieces.


Innate Abilities, Weirdness & Mutations

You have a pair of horns on your head.
You reflexively headbutt those who attack you in melee.


   Skills:
 - Level 4.0 Fighting
 + Level 6.6 Ranged Weapons
 - Level 1.3 Armour
 - Level 2.1 Dodging
 - Level 0.7 Stealth


You had 4 spell levels left.
You didn't know any spells.
Your spell library was empty.

Inventory:

Hand Weapons
 Y - a +0 shortbow (weapon)
Armour
 c - a +1 pair of boots (worn)
 d - a +0 ring mail (worn)
Jewellery
 a - the ring of Gegemi (right hand) {rF+ Will+++ MP+9 Str-5}
   (You acquired it on level 2 of the Dungeon)

   [ring of magical power]

   Str:       It affects your strength (-5).
   rF:        It protects you from fire.
   MP:        It affects your magic capacity (+9).
   Will:      It greatly increases your willpower.
 b - a ring of see invisible (left hand)
Scrolls
 g - a scroll of identify
Potions
 f - a potion of curing {unknown}
 h - a potion of mutation {unknown}
 i - a potion of enlightenment {unknown}

Dungeon Overview and Level Annotations

Branches:
Dungeon (4/15)
 Temple: D:4-7

Altars:

Shops:
D:1 !


Message History

Enter note:
Enter note:
2432 ||| Stepping ~*~*~tactically~*~*~ (outnumbered).
You shoot an arrow. The arrow hits the gnoll!
The gnoll is heavily wounded.
The gnoll throws a throwing net.
The throwing net hits you.
You become entangled in the net!
The gnoll barely misses you.
The gnoll hits you from afar with a +0 spear.
2437 ||| UPGRADING to +1 pair of boots.
The gnoll hits you from afar with a +0 spear.
Keep equipping yourself?
The gnoll barely misses you.
You start putting on your armour.
You continue putting on your +1 pair of boots.
The gnoll hits you but does no damage.
The gnoll hits you from afar with a +0 spear.
You continue putting on your +1 pair of boots.
The gnoll hits you from afar with a +0 spear.
The gnoll barely misses you.
You continue putting on your +1 pair of boots.
The gnoll barely misses you.
The gnoll hits you from afar with a +0 spear!
You continue putting on your +1 pair of boots.
The gnoll hits you from afar with a +0 spear.
The gnoll hits you from afar with a +0 spear!
You finish putting on your +1 pair of boots.
The gnoll hits you but does no damage.
The gnoll hits you from afar with a +0 spear.
2443 ||| READING 2 scrolls of identify.
As you read the scroll of identify, it crumbles to dust.
e - a potion of brilliance;
2443 ||| IDENTIFYING clear potion The gnoll hits you but does no damage. x2
The gnoll barely misses you.
The gnoll hits you from afar with a +0 spear.
2445 ||| DROPPING potion of brilliance.
You drop a potion of brilliance.
The gnoll hits you from afar with a +0 spear. x2
The gnoll completely misses you.
The gnoll hits you from afar with a +0 spear.
You die...

###### ## #....## .! ###
#...#.# g. .
~~###########..#..# .#...
~~#...........#.@.#...#.#
~~'.###...........g...?..
~~### #.##...#...#g#...#.
~~# #.#.#..#..#...#..#
### #....#)#.#.....#.#
###...###.[.....## # ####
# ###### # #


You could see 2 gnolls.

Vanquished Creatures
  Natasha (twice) (D:2)
  Robin (D:2)
  6 adders
  4 dart slugs
  3 orcs
  8 endoplasms
  3 giant cockroaches
  11 goblins
  5 hobgoblins (D:2)
  3 jackals (D:4)
  2 quokkas
  4 ball pythons
  9 bats
  3 frilled lizards
  5 kobolds
  3 rats
72 creatures vanquished.

Notes
Turn   | Place    | Note
-------+----------+-------------------------------------------
     0 | D:1      | qw the Minotaur Hunter began the quest for the Orb.
     0 | D:1      | Reached XP level 1. HP: 18/18 MP: 0/0
     0 | D:1      | 0 ||| qw: Version: 0.2-a-117-gc6b5c8b
     0 | D:1      | 0 ||| qw: Game counter: 2686
     0 | D:1      | 0 ||| qw: Always use a shield: true
     0 | D:1      | 0 ||| qw: God list: Okawaru
     0 | D:1      | 0 ||| qw: Allow faded altars: false
     0 | D:1      | 0 ||| qw: Do Orc after D:15 true
     0 | D:1      | 0 ||| qw: Do second Lair branch before Depths: true
     0 | D:1      | 0 ||| qw: Lair rune preference: random
     0 | D:1      | 0 ||| qw: Plans: Normal
     0 | D:1      | 0 ||| PLANNING D:1-11
    29 | D:1      | Found Ruotar's Distillery.
    39 | D:1      | 39 ||| SHOPLISTING potion of curing (42 gold, have 20).
    39 | D:1      | 39 ||| SHOPLISTING potion of mutation (112 gold, have 20).
    87 | D:1      | Reached XP level 2. HP: 23/25 MP: 1/1
   119 | D:1      | Reached skill level 5 in Ranged Weapons
   478 | D:1      | 478 ||| UPGRADING to +0 ring mail.
   488 | D:1      | 488 ||| DROPPING +0 leather armour.
   489 | D:1      | 489 ||| READING 2 scrolls labelled NEYTTE DIMPOYM.
   490 | D:1      | 490 ||| READING scroll labelled NASOFUAPPU.
   491 | D:1      | 491 ||| READING 2 scrolls labelled OSHUENE ZULAT.
   492 | D:1      | 492 ||| DROPPING scroll of immolation.
   493 | D:1      | 493 ||| DROPPING scroll of butterflies.
   523 | D:2      | Reached skill level 1 in Armour
   526 | D:2      | 526 ||| STAIRDANCE
   529 | D:1      | Reached skill level 3 in Fighting
   529 | D:1      | Reached XP level 3. HP: 28/31 MP: 2/2
   607 | D:2      | Noticed Robin
   618 | D:2      | HP: 6/31 [hobgoblin[Robin] (3)]
   619 | D:2      | Killed Robin
   625 | D:2      | HP: 5/31 [hobgoblin[Robin] (3)]
   892 | D:2      | Reached XP level 4. HP: 38/38 MP: 3/3
   920 | D:2      | Noticed Natasha
   923 | D:2      | Killed Natasha
   924 | D:2      | Reached skill level 6 in Ranged Weapons
  1205 | D:2      | Noticed Natasha
  1216 | D:2      | Killed Natasha
  1281 | D:2      | 1281 ||| UPGRADING to ring of see invisible.
  1282 | D:2      | 1282 ||| READING scroll labelled VOSASU COEZE.
  1283 | D:2      | 1283 ||| READING scroll labelled DUEJO KOS JIHE.
  1283 | D:2      | Identified a scroll of acquirement
  1283 | D:2      | 1283 ||| ACQUIRING ring of Gegemi {rF+ Will+++ MP+9 Str-5}
  1283 | D:2      | Acquired the ring of Gegemi {rF+ Will+++ MP+9 Str-5}
  1285 | D:2      | 1285 ||| UPGRADING to ring of Gegemi {rF+ Will+++ MP+9
                  | Str-5}.
  1355 | D:2      | 1355 ||| READING scroll labelled NUMOKEG FUPSI.
  1399 | D:3      | Reached XP level 5. HP: 38/46 MP: 4/4
  1648 | D:3      | Found a faded altar of an unknown god.
  2119 | D:3      | 2119 ||| READING scroll labelled GIDDIO USTYEWO.
  2432 | D:4      | 2432 ||| Stepping ~*~*~tactically~*~*~ (outnumbered).
  2437 | D:4      | 2437 ||| UPGRADING to +1 pair of boots.
  2441 | D:4      | HP: 10/46 [gnoll/+0 spear (7)]
  2443 | D:4      | 2443 ||| READING 2 scrolls of identify.
  2443 | D:4      | 2443 ||| IDENTIFYING clear potion
  2445 | D:4      | 2445 ||| DROPPING potion of brilliance.
  2445 | D:4      | HP: 4/46 [gnoll/+0 spear (2)]
  2446 | D:4      | Slain by a gnoll

Levels and vault maps discovered:
D:1:      shiori_arrival_oz, layout_rooms, serial_shops, nicolae_shop_stone
D:2:      layout_basic, lightli_corner_chamber, uniq_natasha, uniq_robin
D:3:      layout_basic, dreamdust_ecumenical_altar_statues
D:4:      layout_loops_ring, nemelex_spade_bored_becter, serial_rivers,
          chequers_serial_rivers_room_b, chequers_serial_rivers_large_a,
          chequers_serial_rivers_micro_e, chequers_serial_rivers_room_b,
          gammafunk_ghost_nasty_kobolds, glass_columns_a,
          hangedman_decor_diamond_cutter, grunt_ministairs_10, uniq_pikel

Skill      XL: |  1  2  3  4 |
---------------+-------------+-----
Ranged Weapons | 5 6 |  6.6
Armour         | 1 |  1.3
Fighting       | 3 4 |  4.0
Dodging        | |  2.1
Stealth        | |  0.7

Action                     |  1- 3 |  4- 6 || total
---------------------------+-------+-------++-------
   Fire: Shortbow          |   106 |   104 ||   210
    Use: Scroll            |     3 |     5 ||     8
 Armour: Leather armour    |     3 |       ||     3
         Ring mail         |    24 |    20 ||    44
  Dodge: Dodged            |    42 |    27 ||    69

Table legend:
 A = Non-vault XP
 B = Vault XP
 C = Vault XP percentage of total XP
 D = Non-vault monster count
 E = Vault monster count
 F = Vault count percentage of total count
                 A         B        C        D         E       F
            +---------+---------+-------+---------+---------+-------
      Total |     210 |      75 |  26.3 |      58 |      14 |  19.4
            +---------+---------+-------+---------+---------+-------
        D:1 |      26 |       4 |  13.3 |      16 |       2 |  11.1
        D:2 |      92 |      71 |  43.6 |      18 |      12 |  40.0
        D:3 |      68 |       0 |   0.0 |      18 |       0 |   0.0
        D:4 |      24 |       0 |   0.0 |       6 |       0 |   0.0
            +---------+---------+-------+---------+---------+-------
